 Dungeon Crawl Stone Soup version 0.19-a0-45-g2c295ea (webtiles) character file.

5908 PeiBankuEbiMamku the Fighter (level 10, -3/86 HPs)
             Began as a Demonspawn Gladiator on May 5, 2016.
             Was a Priest of Okawaru.
             Slain by an orc warrior
             ... wielding a +2 short sword of venom
              (18 damage)
             ... on level 8 of the Dungeon.
             The game lasted 00:21:42 (8911 turns).

PeiBankuEbiMamku the Fighter (Demonspawn Gladiator) Turns: 8911, Time: 00:21:43

Health: -3/86      AC:  9    Str: 18    XL:     10   Next: 53%
Magic:  15/15      EV: 16    Int:  9    God:    Okawaru [***...]
Gold:   434        SH:  0    Dex: 15    Spells: 0 memorised, 9 levels left

rFire  . . .     SeeInvis .     C - +3 quarterstaff (chaos)
rCold  + . .     Gourm    .     d - +1 robe {rC+}
rNeg   . . .     Faith    .     (shield currently unavailable)
rPois  .         Spirit   .     (helmet restricted)
rElec  .         Dismiss  .     B - +0 cloak
rCorr  .         Reflect  .     (no gloves)
SustAt .         Harm     .     z - +1 pair of boots
MR     .....                    (no amulet)
Stlth  +.........               (no ring)
                                (no ring)

@: not resistant to hostile enchantments, very unstealthy
A: horns 1, slimy green scales 2, spiny 1
a: Heroism, Renounce Religion


You were on level 8 of the Dungeon.
You worshipped Okawaru.
Okawaru was most pleased with you.
You were not hungry.

You visited 1 branch of the dungeon, and saw 9 of its levels.

You collected 434 gold pieces.

Inventory:

Hand Weapons
 C - a +3 quarterstaff of chaos (weapon)
Missiles
 w - 36 bolts
Armour
 c - a +0 helmet
 d - a +1 robe of cold resistance (worn)
 z - a +1 pair of boots (worn)
 B - a +0 cloak (worn)
Jewellery
 H - an uncursed ring of fire
Wands
 g - a wand of slowing (22/48)
 G - a wand of teleportation (1/9)
 I - a wand of lightning (11/15)
Scrolls
 b - 2 scrolls of blinking {unknown}
 h - 3 scrolls of fear
 l - 4 scrolls of remove curse
 m - 3 scrolls of amnesia {unknown}
 o - 5 scrolls of teleportation
 q - a scroll of magic mapping
 r - 3 scrolls of enchant armour
 u - 2 scrolls of random uselessness {unknown}
 v - 2 scrolls of immolation
 x - 4 scrolls of noise {unknown}
 y - a scroll of vulnerability {unknown}
 F - a scroll of enchant weapon {unknown}
 K - 2 scrolls of identify
 L - a scroll of acquirement {unknown}
 M - a scroll of recharging {unknown}
Potions
 e - 3 potions of mutation {unknown}
 i - 5 potions of curing
 k - 3 potions of cure mutation
 n - a potion of brilliance
 p - 2 potions of lignification
 t - 3 potions of haste
 A - 2 potions of ambrosia
 D - 3 potions of heal wounds
 J - a potion of invisibility {unknown}
Comestibles
 a - 3 fruits
 f - 4 bread rations
 j - 5 meat rations
 s - 3 slices of pizza
 E - a beef jerky


   Skills:
 + Level 10.8 Fighting
 - Level 8.2 Staves
 - Level 1.7 Throwing
 + Level 6.4 Dodging
 + Level 6.7 Invocations


You had 9 spell levels left.
You didn't know any spells.

Dungeon Overview and Level Annotations

Branches:
Dungeon (9/15)             Temple (0/1) D:6            Lair (0/8) D:9
    Orc: D:9-12

Altars:
Dithmenos
Fedhas
Makhleb
Okawaru
Qazlal
Sif Muna
Trog
Vehumet
Yredelemnul
Zin
The Shining One

Shops:
D:7 ?

Annotations:
D:7 exclusion: statue


Innate Abilities, Weirdness & Mutations

You have a pair of small horns on your head.
You are mostly covered in slimy green scales (AC +3).
You are partially covered in sharp spines.


Message History

You feel sick.
You feel sick.
You feel sick.
You feel sick.
You feel sick.
You feel sick.
You feel sick.
You feel sick.
You feel sick.
The orc warrior hits you with a short sword of venom!!
You are lethally poisoned!
Drink which item? (? for menu, Esc to quit)
You feel better.
The orc warrior hits you with a short sword of venom!
You are lethally poisoned!
Drink which item? (? for menu, Esc to quit)
You feel better.
The orc warrior is struck by your spines.
The orc warrior hits you with a short sword of venom!!
You die...

# #.# # #.# # #.#
########## #.#
.....h.h.# ### #.#
(#######<# ##.## #.#
!# #.#####.#.####.# .#
#.....h###.##..# .#
#######.#@###.## .#
##o## #.# .# #.# #.#
.# ###.####.# .#
#.....##.# .#
#.....##.# .#
#.....##.# .#
#.....##.#
.############.....#..#


You could see an orc warrior.

Vanquished Creatures
  Pikel (D:3)
  The ghost of Mefis the Magician, a novice DEWz of Sif Muna (D:6)
  3 yaks (D:9)
  A hippogriff (D:9)
  A hungry ghost (D:8)
  A steam dragon (D:7)
  Edmund (D:4)
  2 water moccasins
  2 orc warriors
  2 sky beasts (D:8)
  3 ice beasts
  2 slaves (D:2)
  A wasp (D:7)
  2 black bears
  2 phantoms
  6 centaurs
  A crocodile (D:9)
  5 giant frogs
  3 scorpions
  4 killer bees (D:7)
  A howler monkey (D:6)
  4 wights (D:7)
  A crimson imp (D:5)
  2 giant frog zombies
  4 hounds
  7 orc priests
  Crazy Yiuf (D:5)
  2 giant frog skeletons
  An iguana (D:6)
  11 orc wizards
  3 worker ants
  2 sheep
  A worker ant zombie (D:6)
  18 gnolls
  3 river rats (D:9)
  13 adders
  2 shadow imps
  2 worms
  A dart slug (D:2)
  4 giant geckos
  47 orcs
  8 giant cockroaches
  11 goblins
  10 hobgoblins
  14 jackals
  A quokka (D:5)
  A ball python (D:6)
  12 bats
  2 giant newts (D:3)
  7 kobolds
  12 rats
252 creatures vanquished.

Vanquished Creatures (others)
  A dart slug (D:3)
  11 fungi (D:9)
  7 plants (D:9)
19 creatures vanquished.

Grand Total: 271 creatures vanquished

Notes
Turn   | Place    | Note
--------------------------------------------------------------
     0 | D:1      | PeiBankuEbiMamku the Demonspawn Gladiator began the quest for the Orb.
     0 | D:1      | Reached XP level 1. HP: 16/16 MP: 1/1
   210 | D:1      | Gained mutation: You are partially covered in slimy green scales (AC +2). [demonic ancestry]
   210 | D:1      | Reached XP level 2. HP: 22/23 MP: 2/2
   720 | D:2      | Reached XP level 3. HP: 21/28 MP: 3/3
   885 | D:2      | Reached skill level 3 in Fighting
  1416 | D:2      | Gained mutation: You are mostly covered in slimy green scales (AC +3). [demonic ancestry]
  1416 | D:2      | Reached XP level 4. HP: 35/35 MP: 4/4
  2033 | D:3      | Found a blossoming altar of Fedhas.
  2137 | D:3      | Reached skill level 4 in Fighting
  2137 | D:3      | Reached XP level 5. HP: 33/42 MP: 5/5
  2649 | D:4      | Noticed Edmund
  2686 | D:4      | Noticed Pikel
  2686 | D:4      | Noticed a slave
  2686 | D:4      | Noticed a slave
  2686 | D:4      | Noticed a slave
  2686 | D:4      | Noticed a slave
  2736 | D:2      | Killed a slave
  3006 | D:2      | Killed a slave
  3370 | D:3      | Reached XP level 6. HP: 50/50 MP: 6/6
  3386 | D:3      | Killed Pikel
  3386 | D:3      | Reached skill level 6 in Fighting
  3386 | D:3      | Reached XP level 7. HP: 45/59 MP: 7/7
  3696 | D:4      | Killed Edmund
  3696 | D:4      | Gained mutation: You are partially covered in sharp spines. [demonic ancestry]
  3696 | D:4      | Reached XP level 8. HP: 49/65 MP: 8/8
  3894 | D:4      | Reached skill level 7 in Fighting
  3981 | D:4      | Found a bloodstained altar of Trog.
  4596 | D:5      | Entered Level 5 of the Dungeon
  4618 | D:5      | Found an iron altar of Okawaru.
  4618 | D:5      | Found a shadowy altar of Dithmenos.
  4627 | D:5      | Found a glowing silver altar of Zin.
  4824 | D:5      | Became a worshipper of Warmaster Okawaru
  4929 | D:5      | Reached skill level 8 in Fighting
  5267 | D:5      | Noticed Crazy Yiuf
  5274 | D:5      | Killed Crazy Yiuf
  5388 | D:6      | Gained mutation: You have a pair of small horns on your head. [demonic ancestry]
  5388 | D:6      | Reached XP level 9. HP: 69/75 MP: 9/9
  5439 | D:6      | Found a staircase to the Ecumenical Temple.
  5455 | D:6      | Reached * piety under Okawaru
  5595 | D:6      | Noticed Mefis's ghost (novice DEWz)
  5601 | D:6      | Killed Mefis's ghost
  5601 | D:6      | Reached skill level 9 in Fighting
  6143 | D:7      | Found a stormy altar of Qazlal.
  6155 | D:7      | Found Orghitooh's Magic Scroll Shoppe.
  6169 | D:7      | Reached skill level 1 in Invocations
  6312 | D:7      | Found a deep blue altar of Sif Muna.
  6522 | D:7      | Found a radiant altar of Vehumet.
  6699 | D:7      | Reached ** piety under Okawaru
  6699 | D:7      | Reached skill level 5 in Dodging
  6736 | D:7      | Reached skill level 10 in Fighting
  6890 | D:8      | Reached XP level 10. HP: 67/85 MP: 13/13
  7312 | D:8      | Reached skill level 5 in Invocations
  7411 | D:8      | Found a basalt altar of Yredelemnul.
  7514 | D:8      | Found a burning altar of Makhleb.
  7514 | D:8      | Found a glowing golden altar of the Shining One.
  8444 | D:9      | Found a staircase to the Lair.
  8485 | D:9      | Reached *** piety under Okawaru
  8911 | D:8      | Slain by an orc warrior

Vault maps used:
D:1:      minmay_arrival_four_circles, nrook_mini_backslash
D:2:      first_bread
D:3:      fedhas_altar_3, minmay_bad_closet, kennysheep_generic_room_8
D:4:      bloody_trog, uniq_edmund, uniq_pikel
D:5:      nicolae_overflow_hidden_temple, uniq_crazy_yiuf_cottage
D:6:      minmay_temple_entry_glass
D:7:      vehumet_statue, led_sif_book, basic_altar, serial_shops, shop
D:8:      gammafunk_temple_overflow_elements, basic_altar
D:9:      grunt_lair_entry_orc_guard_hut

Skill      XL: |  1  2  3  4  5  6  7  8  9 10 |
---------------+-------------------------------+-----
Staves         | 3 4 6 8 |  8.2
Fighting       | 3 4 6 8 10 | 10.8
Dodging        | 5 6 |  6.4
Invocations    | 4 6 |  6.7
Throwing       | |  1.7

Action                   |  1- 3 |  4- 6 |  7- 9 | 10-12 || total
-------------------------+-------+-------+-------+-------++-------
Melee: Quarterstaff      |    88 |   218 |   337 |   139 ||   782
       Headbutt          |       |       |    30 |    27 ||    57
Throw: Throwing net      |     2 |     3 |       |       ||     5
  Use: Scroll            |       |     5 |     9 |     1 ||    15
       Potion            |       |       |     1 |     2 ||     3
 Stab: Sleeping          |     1 |     1 |     1 |       ||     3
       Held in net/web   |     1 |     2 |       |       ||     3
       Petrifying        |       |       |     2 |       ||     2
       Paralysed         |       |       |     2 |       ||     2
       Distracted        |       |       |     1 |     1 ||     2
       Confused          |       |       |       |     1 ||     1
  Eat: Chunk             |     2 |     6 |    12 |     7 ||    27
Armor: Leather armour    |    29 |    86 |       |       ||   115
       Robe              |       |       |    82 |    32 ||   114
       Skin              |       |       |     4 |       ||     4
Dodge: Dodged            |    53 |   163 |   173 |    94 ||   483
